Cogmind - Beta 16 @@@ ROGUE MODE // 2026.01.02 @ 01:16:35 Player: parasect Result: Escaped! Performance ------------- Evolutions (9) 4500 Regions Visited (15) 3000 Robots Destroyed (48) 240 Value Destroyed (1402) 1402 Prototype IDs (34) 680 Alien Tech Used (0) 0 Bonus (7276) 7276 TOTAL SCORE: 17098 Bonus ------- Follower Combat Kills 481 Entered Garrisons 200 Used RIF Installer 500 Entered DSFs 500 Aligned with FarCom 300 Win 3000 Win Speed 2295 Cogmind --------- Core Integrity 1600/1600 Matter 100/300 Energy 74/200 System Corruption 0% Temperature Warning (370) Movement Flying (6) Location To Epsilon Eridani Parts ------- > --- POWER (2) -------- Micro Nuclear Core Micro Fission Core > --- PROPULSION (8) --- Improved VTOL Module Cooled Cesium-ion Thruster Cooled Cesium-ion Thruster Cooled Cesium-ion Thruster Cooled Cesium-ion Thruster Cooled Impulse Thruster Impulse Thruster Array > --- UTILITY (13) ----- Advanced Power Amplifier Advanced Heat Sink Small Storage Unit Machine Analyzer Improved Transmission Jammer Improved Propulsion Shielding Improved Light Armor Plating Graphene Brace Hacking Suite Improved Hacking Suite Experimental Hacking Suite Advanced System Shield Advanced System Shield > --- WEAPON (2) ------- Katana Power Sword > --- INVENTORY (8) ---- Light Quantum Reactor Nuclear Pulse Array Nuclear Pulse Array Cooled Impulse Thruster Advanced Cooling System Experimental ECM Suite Peak State ------------ > --- POWER ------------ Micro Nuclear Core Micro Fission Core > --- PROPULSION ------- Improved VTOL Module Cooled Cesium-ion Thruster Cooled Cesium-ion Thruster Cooled Cesium-ion Thruster Cooled Cesium-ion Thruster Cooled Impulse Thruster Impulse Thruster Array > --- UTILITY ---------- Advanced Power Amplifier Advanced Heat Sink Small Storage Unit Machine Analyzer Improved Transmission Jammer Improved Propulsion Shielding Improved Light Armor Plating Graphene Brace Hacking Suite Improved Hacking Suite Experimental Hacking Suite Advanced System Shield Advanced System Shield > --- WEAPON ----------- Advanced Remote Datajack Katana > --- INVENTORY -------- Light Quantum Reactor Nuclear Pulse Array Nuclear Pulse Array Cooled Impulse Thruster Advanced Cooling System Experimental ECM Suite [Rating: 142] Favorites ----------- Power Micro Nuclear Core Engine Light Deuterium Engine Power Core Micro Nuclear Core Propulsion Improved VTOL Module Flight Unit Improved VTOL Module Utility Advanced System Shield Device Advanced Heat Sink Storage Small Storage Unit Processor Machine Analyzer Hackware Advanced System Shield Protection Improved Light Armor Plating Weapon Katana Energy Gun Heavy Particle Gun Ballistic Gun KE Penetrator Launcher Rocket Launcher Special Weapon Improved Plasma Cutter Slashing Weapon Katana Special Melee Weapon Improved Datajack Build | -11 -10 -10 -10 -9 -8 -7 -7 -7 -6 -5 -4 -4 -3 -2 -1 ------- Run | Yrd Mat Min Exi Min Mat Fac DSF Gar Fac Fac Fac Ext Res Res Acc Slots Evolved 18 | . . . . . 4 2 . . 2 2 2 . 2 2 2 Power 1 | . . . . . . . . . . . 1 . . . . Propulsion 6 | . . . . . 2 . . . 1 . 1 . 1 1 . Utility 11 | . . . . . 2 2 . . 1 2 . . 1 1 2 Weapon . | . . . . . . . . . . . . . . . . Parts Attached 66 | 3 2 1 . 4 8 . 4 2 5 15 4 4 4 6 4 Power 7 | . . . . 1 1 . . 1 1 1 1 1 . . . Engine 4 | . . . . 1 1 . . . 1 1 . . . . . Core 3 | . . . . . . . . 1 . . 1 1 . . . Reactor . | . . . . . . . . . . . . . . . . Propulsion 15 | . 1 . . 2 3 . 1 . 1 2 1 . 1 3 . Treads . | . . . . . . . . . . . . . . . . Leg . | . . . . . . . . . . . . . . . . Wheel . | . . . . . . . . . . . . . . . . Hover . | . . . . . . . . . . . . . . . . Flight 15 | . 1 . . 2 3 . 1 . 1 2 1 . 1 3 . Utility 29 | 1 . 1 . . 1 . 1 1 3 10 1 2 3 2 3 Device 11 | 1 . . . . . . . . 1 2 1 1 3 1 1 Storage 1 | . . . . . . . 1 . . . . . . . . Processor 6 | . . 1 . . 1 . . 1 1 2 . . . . . Hackware 7 | . . . . . . . . . . 6 . . . . 1 Protection 4 | . . . . . . . . . 1 . . 1 . 1 1 Artifact . | . . . . . . . . . . . . . . . . Weapon 15 | 2 1 . . 1 3 . 2 . . 2 1 1 . 1 1 Energy Gun 1 | . . . . . 1 . . . . . . . . . . Energy Cannon . | . . . . . . . . . . . . . . . . Ballistic Gun 6 | 2 1 . . . 2 . . . . . . 1 . . . Ballistic Cannon . | . . . . . . . . . . . . . . . . Launcher 1 | . . . . 1 . . . . . . . . . . . Special Weapon 3 | . . . . . . . . . . 1 1 . . 1 . Impact Weapon . | . . . . . . . . . . . . . . . . Slashing Weapon 3 | . . . . . . . 2 . . . . . . . 1 Piercing Weapon . | . . . . . . . . . . . . . . . . Special Melee Weapon 1 | . . . . . . . . . . 1 . . . . . Unidentified Prototypes 8 | . . . . . 3 . . . . 2 1 . 1 1 . Parts Lost 11 | . . . . . 6 . . . 1 . . 1 1 2 . Power . | . . . . . . . . . . . . . . . . Propulsion 5 | . . . . . 3 . . . . . . . . 2 . Utility 3 | . . . . . 1 . . . 1 . . 1 . . . Weapon 3 | . . . . . 2 . . . . . . . 1 . . Highest Loss Streak 5 | . . . . . 5 . . . 1 . . 1 1 1 . To Critical Strikes . | . . . . . . . . . . . . . . . . Average Backups 5 | 2 4 5 5 4 4 4 5 7 6 6 6 6 6 6 5 Power . | . . . . . . . . . . . . . . . . Propulsion 1 | . . . . . . . 1 4 3 3 2 2 1 1 2 Utility 2 | . . . . . . 3 2 2 2 2 4 4 5 5 2 Weapon . | 1 3 4 5 4 2 1 1 1 1 . . . . . . Tool/Special . | . . . . . . . . . . . . . . . . Unused Backups 19 | 5 . 1 . . 2 . 2 . . 6 . . . . 3 Power 2 | . . . . . 1 . . . . . . . . . 1 Propulsion 11 | 5 . . . . . . 1 . . 3 . . . . 2 Utility 2 | . . . . . . . 1 . . 1 . . . . . Weapon 3 | . . 1 . . 1 . . . . 1 . . . . . Tool/Special 1 | . . . . . . . . . . 1 . . . . . Average Slot Usage (%) 85 | . 32 55 57 72 45 46 57 79 96 99 98 100 95 92 95 Engine 1 | . . . . 4 4 . . . 1 5 5 . . . . Core 4 | . . . . . . . . 3 4 . 5 9 8 8 8 Flight 25 | . 4 14 14 17 8 23 25 30 33 29 30 31 30 29 28 Device 6 | . 7 12 14 14 2 . . . 3 1 4 5 8 12 14 Storage 3 | . . . . . . . 6 7 6 5 5 5 3 4 4 Processor 12 | . . 12 14 14 17 15 15 23 25 17 10 10 9 8 5 Hackware 13 | . . . . . . . . . . 20 21 21 19 17 19 Protection 3 | . . . . . . . . . 5 4 5 5 4 4 8 Ballistic Gun 3 | . 20 15 14 9 8 . . . . . . 3 3 . . Special Weapon 1 | . . . . . . . . . . 3 5 1 . 1 2 Slashing Weapon 4 | . . . . . . . 3 15 13 6 5 5 3 4 5 Peak Build Rating 142 | 3 3 5 4 8 21 21 32 36 50 78 90 91 105 129 142 Average Rating 65 | 1 2 4 4 6 8 21 25 34 48 71 87 90 96 118 139 On Entrance 41 | . 2 3 4 4 7 21 21 31 36 49 77 88 90 97 129 Avg Prop Armor Cover (%) 9 | . . . . 4 . 4 10 12 . . . 8 . 5 . Naked Turns . | . . . . . . . . . . . . . . . . Heaviest Build 36 | 3 4 4 3 10 8 3 9 16 20 19 25 28 28 31 36 Greatest Support 66 | 3 4 4 4 8 15 10 21 21 27 27 42 42 51 62 66 Greatest Overweight (x) 9 | . 1 . . 2 2 . 1 2 . . . 9 . 1 . Average Overweight (x) . | . . . . . . . . . . . . . . . . Largest Inventory Capacity 8 | 5 5 5 5 5 5 5 8 8 8 8 8 8 8 8 8 Average Capacity 7 | 5 5 5 5 5 5 5 7 8 8 8 8 8 7 8 8 Most Carried 8 | 5 5 5 5 5 5 4 8 7 8 8 8 8 8 8 8 Average Carried 6 | 2 4 4 5 4 4 4 5 7 6 7 7 7 7 7 7 Final Capacity 8 | 5 5 5 5 5 5 5 8 8 8 8 8 8 8 8 8 Final Carried 8 | 3 5 5 5 5 4 4 8 7 8 8 8 8 8 8 8 Class Distribution -------------------- 55% | Hacker-Sprinter 21% | Mutant 11% | Sprinter 6% | Wizard-Sprinter 4% | Scavenger-Mutant Dominant Class ---------------- Mutant | -10/Materials Mutant | -10/Mines Mutant | -10/Exiles Scavenger-Mutant | -9/Mines Mutant | -8/Materials Sprinter | -7/Factory Mutant | -7/DSF Sprinter | -7/Garrison Sprinter | -6/Factory Hacker-Sprinter | -5/Factory Hacker-Sprinter | -4/Factory Hacker-Sprinter | -4/Extension Hacker-Sprinter | -3/Research Hacker-Sprinter | -2/Research Wizard-Sprinter | -1/Access Resources | -11 -10 -10 -10 -9 -8 -7 -7 -7 -6 -5 -4 -4 -3 -2 -1 ----------- Run | Yrd Mat Min Exi Min Mat Fac DSF Gar Fac Fac Fac Ext Res Res Acc Matter Collected 1618 | 328 109 . . 89 288 . . . 199 99 . 334 12 . 160 Remotely . | . . . . . . . . . . . . . . . . Salvage Created 1820 | 293 110 . . 23 548 . . . 234 99 . 341 12 . 160 Parts 110 | 23 8 . . 7 28 . . . 14 6 . 16 2 . 6 Haulers Intercepted 4 | . . . . . 4 . . . . . . . . . . Recyclers Shooed 1 | . . . . . 1 . . . . . . . . . . Parts Field Recycled . | . . . . . . . . . . . . . . . . Retrieved Matter . | . . . . . . . . . . . . . . . . Parts Self-Destructed . | . . . . . . . . . . . . . . . . Prevented . | . . . . . . . . . . . . . . . . Parts Restored . | . . . . . . . . . . . . . . . . Kills | -11 -10 -10 -10 -9 -8 -7 -7 -7 -6 -5 -4 -4 -3 -2 -1 ------- Run | Yrd Mat Min Exi Min Mat Fac DSF Gar Fac Fac Fac Ext Res Res Acc Combat Hostiles Destroyed 18 | . 4 . . 3 8 . . . . . . 3 . . . Melee 2 | . . . . . . . . . . . . 2 . . . Guns 9 | . 4 . . . 4 . . . . . . 1 . . . AOE 7 | . . . . 3 4 . . . . . . . . . . Classes Destroyed 12 | 3 3 . . . 4 . . . . 1 . 1 . . . Worker 6 | 2 . . . . . . . . 3 . . . 1 . . Tunneler 10 | 9 . . . . . . . . . . . . . . 1 Hauler 4 | . . . . . 4 . . . . . . . . . . Recycler 4 | 1 . . . . . . . . 1 . . 1 . . 1 Operator 3 | . 1 . . . . . . . 1 1 . . . . . Watcher 3 | . . . . . . . . . . 2 . 1 . . . Swarmer 6 | . 3 . . 3 . . . . . . . . . . . Grunt 6 | . 1 . . . 4 . . . . . . 1 . . . Brawler 1 | . . . . . 1 . . . . . . . . . . Sentry 3 | . . . . . 2 . . . . . . 1 . . . Hunter 1 | . . . . . 1 . . . . . . . . . . Programmer 1 | . . . . . . . . . . . . 1 . . . Best Kill Streak 8 | 8 4 . . 3 5 . . . 3 1 . 1 1 . 2 Combat Bots Only 4 | . 4 . . 3 3 . . . . . . 1 . . . Max Kills in Single Turn 3 | 1 1 . . 3 2 . . . 1 1 . 1 1 . 1 Gunslinging . | . . . . . . . . . . . . . . . . Exploded 3 | . . . . 3 2 . . . . . . . . . . Melee 1 | . . . . . . . . . . . . 1 . . . Uniques/NPCs Destroyed . | . . . . . . . . . . . . . . . . Combat | -11 -10 -10 -10 -9 -8 -7 -7 -7 -6 -5 -4 -4 -3 -2 -1 -------- Run | Yrd Mat Min Exi Min Mat Fac DSF Gar Fac Fac Fac Ext Res Res Acc Hostile Shots Fired 256 | . 17 1 . 4 69 . 19 10 34 14 5 26 41 7 9 Missed 132 | . 4 1 . 1 25 . 17 7 20 8 2 13 24 3 7 Hits 124 | . 13 . . 3 44 . 2 3 14 6 3 13 17 4 2 Melee 1 | . . . . . . . . . . . 1 . . . . Projectile 123 | . 13 . . 3 44 . 2 3 14 6 2 13 17 4 2 Critical Strikes 2 | . . . . . . . . . 1 . . . 1 . . Damage Taken 2406 | . 101 . . 18 673 . 105 64 213 109 81 357 361 211 113 Core 535 | . 22 . . 6 261 . 50 29 20 12 18 69 26 22 . Absorbed by Shields 12 | . . . . . . . . . . . . . 12 . . Redirected to Shielding 79 | . . . . . . . . . . . . . . 79 . Regen/Repaired (Parts) 368 | . . . . . . . . . . . . . 368 . . Core Remaining (%) 91 | 100 . . . 88 52 . . 88 97 98 . 92 98 98 100 Volleys Fired 139 | 30 13 . . 1 58 . . . . . . 36 . . 1 Largest 2 | 2 2 . . 1 2 . . . . . . 1 . . 1 Hottest 55 | 40 40 . . 33 55 . . . . . . 33 . . 10 Shots Fired 211 | 60 23 . . 1 90 . . . . . . 36 . . 1 Gun 203 | 60 23 . . . 84 . . . . . . 36 . . . Cannon . | . . . . . . . . . . . . . . . . Launcher 7 | . . . . 1 6 . . . . . . . . . . Special 1 | . . . . . . . . . . . . . . . 1 Kinetic 186 | 60 23 . . . 67 . . . . . . 36 . . . Thermal 17 | . . . . . 17 . . . . . . . . . . Explosive 7 | . . . . 1 6 . . . . . . . . . . Electromagnetic . | . . . . . . . . . . . . . . . . Robot Hit Streak 15 | 7 6 . . . 15 . . . . . . 6 . . 1 Robot Miss Streak 6 | 3 2 . . 2 6 . . . . . . 4 . . . Penetration Max 1 | . . . . . . . . . . . . 1 . . . Secondary Targets 1 | . 1 . . . . . . . . . . . . . . Max Gunslinging Chain 1 | . 1 . . . . . . . . . . . . . . Shots Hit Robots 159 | 32 14 . . . 55 . . . 13 8 1 29 3 . 4 Core Hits 64 | 16 7 . . 2 19 . . . 3 3 . 12 . . 2 Critical Kills 2 | 1 . . . . 1 . . . . . . . . . . Critical Parts Destroyed 1 | . . . . . . . . . . . . 1 . . . Critical Strikes 6 | 1 . . . . 2 . . . 1 . . 2 . . . Burn 1 | . . . . . 1 . . . . . . . . . . Destroy 4 | 1 . . . . 1 . . . . . . 2 . . . Sever 1 | . . . . . . . . . 1 . . . . . . Melee Attacks 91 | . . . . . . . . 6 19 20 2 8 13 8 15 Impact . | . . . . . . . . . . . . . . . . Slashing 87 | . . . . . . . . 6 19 16 2 8 13 8 15 Piercing . | . . . . . . . . . . . . . . . . Sneak Attacks 14 | . . . . . . . . . 4 4 . 3 2 . 1 Combat Hostiles 1 | . . . . . . . . . . . . 1 . . . Follow-up Attacks 1 | . . . . . . . . . 1 . . . . . . Damage Inflicted 4047 | 382 192 . . 151 1033 . . . 636 189 41 1085 175 1 162 Guns 2027 | 382 192 . . . 714 . . . . . . 739 . . . Cannons . | . . . . . . . . . . . . . . . . Explosions 470 | . . . . 151 319 . . . . . . . . . . Melee 1549 | . . . . . . . . . 636 189 41 346 175 . 162 Ramming 1 | . . . . . . . . . . . . . . 1 . Kinetic 1866 | 382 192 . . . 553 . . . . . . 739 . . . Thermal 161 | . . . . . 161 . . . . . . . . . . Explosive 470 | . . . . 151 319 . . . . . . . . . . Electromagnetic . | . . . . . . . . . . . . . . . . Impact . | . . . . . . . . . . . . . . . . Slashing 1549 | . . . . . . . . . 636 189 41 346 175 . 162 Piercing . | . . . . . . . . . . . . . . . . Highest Corruption 5 | . 1 1 1 1 . . . . 1 4 . . 5 1 . Average Corruption 2 | . 1 1 1 1 . . . . 1 4 . . 4 1 . Corruption Purged . | . . . . . . . . . . . . . . . . Corruption Blocked . | . . . . . . . . . . . . . . . . Effects 18 | . . . 1 1 . . . . . 10 . . 5 1 . Message Errors 4 | . . . . 1 . . . . . 2 . . . 1 . Matter Fused 8 | . . . 1 . . . . . . 4 . . 3 . . Heat Flow Errors 1 | . . . . . . . . . . 1 . . . . . Energy Discharges 1 | . . . . . . . . . . . . . 1 . . Data Loss (minor) 3 | . . . . . . . . . . 2 . . 1 . . Data Loss (major) 1 | . . . . . . . . . . 1 . . . . . Overload Shots . | . . . . . . . . . . . . . . . . Overflow Damage 315 | . . . . 14 9 . . . 132 6 . 41 67 . 46 Projectiles . | . . . . . . . . . . . . . . . . Explosions 23 | . . . . 14 9 . . . . . . . . . . Melee 292 | . . . . . . . . . 132 6 . 41 67 . 46 Knockbacks . | . . . . . . . . . . . . . . . . Impact . | . . . . . . . . . . . . . . . . Kinetic . | . . . . . . . . . . . . . . . . Secondary . | . . . . . . . . . . . . . . . . Self-Inflicted Damage 39 | . . . . . 39 . . . . . . . . . . Shots 1 | . . . . . 1 . . . . . . . . . . Rammed 1 | . . . . . . . . . . . . . . 1 . Targets Rammed 1 | . . . . . . . . . . . . . . 1 . Kicked . | . . . . . . . . . . . . . . . . Crushed . | . . . . . . . . . . . . . . . . Highest Temperature 248 | . 1 . . . 6 . . . 8 124 52 93 185 248 205 Average Temperature 61 | . 1 . . . 3 . . . 4 49 28 60 93 118 205 Received Heat Transfer 237 | . 6 . . . 126 . . 9 18 . . 48 30 . . Siege Activations . | . . . . . . . . . . . . . . . . Martial Activations . | . . . . . . . . . . . . . . . . Shielding Activations . | . . . . . . . . . . . . . . . . Robots Disrupted . | . . . . . . . . . . . . . . . . Combat Hostiles . | . . . . . . . . . . . . . . . . Robots Corrupted . | . . . . . . . . . . . . . . . . Combat Hostiles . | . . . . . . . . . . . . . . . . Parts Fried . | . . . . . . . . . . . . . . . . Impact Corruptions . | . . . . . . . . . . . . . . . . Robots Melted . | . . . . . . . . . . . . . . . . Combat Hostiles . | . . . . . . . . . . . . . . . . Parts Melted . | . . . . . . . . . . . . . . . . Heat Transferred 370 | . . . . . 370 . . . . . . . . . . Parts Sabotaged . | . . . . . . . . . . . . . . . . Parts Stolen . | . . . . . . . . . . . . . . . . Parts Stripped . | . . . . . . . . . . . . . . . . Power Chain Reactions . | . . . . . . . . . . . . . . . . Alert | -11 -10 -10 -10 -9 -8 -7 -7 -7 -6 -5 -4 -4 -3 -2 -1 ------- Run | Yrd Mat Min Exi Min Mat Fac DSF Gar Fac Fac Fac Ext Res Res Acc Maximum Alert Level 1 | . . . . . . . . . . . . 1 1 . . Low Security (%) 91 | 100 100 100 . 100 100 100 100 100 100 100 100 58 89 100 100 Level 1 8 | . . . . . . . . . . . . 41 10 . . Level 2 . | . . . . . . . . . . . . . . . . Level 3 . | . . . . . . . . . . . . . . . . Level 4 . | . . . . . . . . . . . . . . . . Level 5 . | . . . . . . . . . . . . . . . . High Security . | . . . . . . . . . . . . . . . . Max Security . | . . . . . . . . . . . . . . . . Peak Influence 295 | 15 105 33 . 94 171 72 43 155 166 73 88 246 295 111 100 Initial 111 | . 3 33 . . 24 72 43 32 81 73 14 37 43 111 21 Average 65 | 2 35 19 . 52 50 69 43 85 90 27 43 180 57 34 33 Influence Increases 2595 | 60 120 . . 94 354 . . 203 200 181 104 526 416 138 199 Destroy 0b10 Robot/C 560 | . 80 . . 60 160 . . 60 . . . 200 . . . Destroy 0b10 Robot/NC 155 | 60 5 . . . 20 . . . 25 15 . 15 5 . 10 Destroy Leader 106 | . 20 . . 10 48 . . . . 4 . 24 . . . Allied During Kill 111 | . . . . . . . . 12 . . . 99 . . . Successful Hack 268 | . . . . . 11 . . . 38 60 14 30 37 39 39 Disable Machine 90 | . . . . 15 30 . . 15 . 15 15 . . . . Anti-Garrison Action 100 | . . . . . . . . 100 . . . . . . . Destroy Structure 155 | . . . . 9 70 . . 1 2 12 . 8 14 24 15 Partial Spotted 255 | . . . . . . . . . 15 45 . 60 120 . 15 Lose Combat Pursuer 795 | . 15 . . . 15 . . 15 120 30 75 90 240 75 120 Influence Decreases 2514 | 55 40 82 3 30 257 99 19 91 204 302 56 521 301 299 155 Entered New Map 568 | . 2 52 3 . 40 89 19 11 74 78 16 41 40 87 16 Time Decay 1292 | 55 38 30 . 30 157 10 . . 120 224 40 270 151 91 76 Search Patrol Dispatched 100 | . . . . . . . . . . . . . 100 . . Lost Part 110 | . . . . . 60 . . . 10 . . 10 10 20 . Lost Ally 290 | . . . . . . . . 80 . . . 200 . . 10 Purge Threat 154 | . . . . . . . . . . . . . . 101 53 Squads Dispatched 13 | . 1 . . . . 1 1 . 3 2 . 1 1 1 2 Investigation 3 | . 1 . . . . 1 . . 1 . . . . . . Extermination 6 | . . . . . . . . . 1 1 . . 1 1 2 Reinforcement 4 | . . . . . . . 1 . 1 1 . 1 . . . Assault . | . . . . . . . . . . . . . . . . Garrison . | . . . . . . . . . . . . . . . . Intercept . | . . . . . . . . . . . . . . . . Searches Triggered 1 | . . . . . . . . . . . . . 1 . . Construction Impeded . | . . . . . . . . . . . . . . . . Haulers Reinforced . | . . . . . . . . . . . . . . . . Active Scanning Responses . | . . . . . . . . . . . . . . . . Cargo Convoy Interrupts . | . . . . . . . . . . . . . . . . Stealth | -11 -10 -10 -10 -9 -8 -7 -7 -7 -6 -5 -4 -4 -3 -2 -1 --------- Run | Yrd Mat Min Exi Min Mat Fac DSF Gar Fac Fac Fac Ext Res Res Acc Distress Signals 13 | . 1 . . . 2 . . . 1 . . 2 2 2 3 Communications Jammed 3 | . . . . . . . . . . . . . . . 3 Distress Signals 3 | . . . . . . . . . . . . . . . 3 Times Spotted 165 | . 12 2 . 5 17 . 4 11 16 14 6 17 27 17 17 Peak Tracking Total 17 | . 6 2 . 4 5 . 4 10 10 6 5 8 17 9 11 Tactical Retreats 20 | . 1 . . . 1 . . 1 2 1 1 4 4 3 2 Traps | -11 -10 -10 -10 -9 -8 -7 -7 -7 -6 -5 -4 -4 -3 -2 -1 ------- Run | Yrd Mat Min Exi Min Mat Fac DSF Gar Fac Fac Fac Ext Res Res Acc Traps Triggered 9 | . . . . . . . . . 1 . 1 . 5 1 1 Indirectly . | . . . . . . . . . . . . . . . . Trap Hack Attempts . | . . . . . . . . . . . . . . . . Triggered . | . . . . . . . . . . . . . . . . Disarmed . | . . . . . . . . . . . . . . . . Reprogrammed 6 | . . . . . . . . . . . . 6 . . . Reused . | . . . . . . . . . . . . . . . . Traps Extracted . | . . . . . . . . . . . . . . . . Installed . | . . . . . . . . . . . . . . . . Triggered . | . . . . . . . . . . . . . . . . Machines | -11 -10 -10 -10 -9 -8 -7 -7 -7 -6 -5 -4 -4 -3 -2 -1 ---------- Run | Yrd Mat Min Exi Min Mat Fac DSF Gar Fac Fac Fac Ext Res Res Acc Machines Disabled 8 | . . . . 1 2 . . 3 . 1 1 . . . . Max in Single Turn 1 | . . . . 1 1 . . 1 . 1 1 . . . . Garrison Access 8 | . . . . . . . . . 1 2 . . 2 2 1 Garrison Relay 2 | . . . . . . . . 2 . . . . . . . Machines Repaired . | . . . . . . . . . . . . . . . . Machines Dismantled . | . . . . . . . . . . . . . . . . Machines Sabotaged . | . . . . . . . . . . . . . . . . Overloaded Fab Kills . | . . . . . . . . . . . . . . . . Hacking | -11 -10 -10 -10 -9 -8 -7 -7 -7 -6 -5 -4 -4 -3 -2 -1 --------- Run | Yrd Mat Min Exi Min Mat Fac DSF Gar Fac Fac Fac Ext Res Res Acc Machines Accessed 68 | . 5 . 2 . 3 3 . . 7 12 5 6 8 7 10 Terminals 45 | . 5 . . . 2 2 . . 4 7 5 6 3 3 8 Fabricators . | . . . . . . . . . . . . . . . . Repair Stations 1 | . . . . . . . . . . . . . 1 . . Recycling Units 4 | . . . . . 1 1 . . 1 . . . . 1 . Scanalyzers 8 | . . . . . . . . . 1 3 . . 2 1 1 Garrison Access 8 | . . . . . . . . . 1 2 . . 2 2 1 Total Hacks 232 | . 13 . 2 . 10 7 . . 15 50 14 19 37 20 45 Successful 128 | . 4 . 2 . 5 1 . . 8 27 7 8 28 11 27 Failed 102 | . 8 . . . 5 6 . . 7 22 7 11 9 9 18 Catastrophic 18 | . 1 . . . . 2 . . 2 3 2 . 2 4 2 Database Lockouts 2 | . 1 . . . . . . . . 1 . . . . . Manual 92 | . 7 . 1 . 7 1 . . 9 22 5 7 1 8 24 Terminals 156 | . 13 . . . 8 4 . . 9 30 14 19 7 10 42 Fabricators . | . . . . . . . . . . . . . . . . Repair Stations 19 | . . . . . . . . . . . . . 19 . . Recycling Units 14 | . . . . . 2 3 . . 3 . . . . 6 . Scanalyzers 33 | . . . . . . . . . 2 18 . . 9 2 2 Garrison Access 8 | . . . . . . . . . 1 2 . . 2 2 1 Terminal Hacks 48 | . 3 . 2 . 2 1 . . 1 7 5 6 2 4 15 Record 8 | . . . 1 . . . . . . 1 . . . 1 5 Robot Analysis 1 | . 1 . . . . . . . . . . . . . . Prototype ID Bank 1 | . 1 . . . . . . . . . . . . . . Open Door 5 | . . . . . . . . . . . 1 3 . . 1 Open DSF 1 | . . . . . . 1 . . . . . . . . . Level Access Points 5 | . . . . . . . . . 1 1 . . 1 1 1 Branch Access Points 1 | . . . . . . . . . . . . . . . 1 Terminal Index 3 | . . . . . . . . . . . 1 1 . . 1 Unreport Threat 2 | . . . . . . . . . . . . . . 1 1 Locate Traps 3 | . . . . . . . . . . 2 . . . . 1 Reprogram Traps 1 | . . . . . . . . . . . . 1 . . . Maintenance Status 1 | . . . . . . . . . . . 1 . . . . Patrol Status 2 | . . . . . . . . . . . 1 . . 1 . Transport Status 1 | . . . . . 1 . . . . . . . . . . Recall Extermination 4 | . . . . . . . . . . 1 1 . 1 . 1 Hauler Manifests 1 | . . . . . 1 . . . . . . . . . . Registered Components 3 | . 1 . . . . . . . . 1 . . . . 1 Zone Layout 4 | . . . . . . . . . . 1 . 1 . . 2 Proto ID Catalog 1 | . . . 1 . . . . . . . . . . . . Fabricator Hacks . | . . . . . . . . . . . . . . . . Repair Station Hacks 18 | . . . . . . . . . . . . . 18 . . Scan Component 9 | . . . . . . . . . . . . . 9 . . Repair 9 | . . . . . . . . . . . . . 9 . . Recycling Unit Hacks 8 | . . . . . 2 . . . 2 . . . . 4 . Recycle Component 1 | . . . . . . . . . . . . . . 1 . Process 1 | . . . . . . . . . . . . . . 1 . Retrieve Matter 2 | . . . . . . . . . 1 . . . . 1 . Retrieve Components 4 | . . . . . 2 . . . 1 . . . . 1 . Scanalyzer 23 | . . . . . . . . . . 14 . . 6 1 2 Insert Component 8 | . . . . . . . . . . 6 . . 1 1 . Analyze 8 | . . . . . . . . . . 7 . . 1 . . Retrieve Study 7 | . . . . . . . . . . 1 . . 4 . 2 Garrison Access Hacks 8 | . . . . . . . . . 1 2 . . 2 2 1 Seal Access 8 | . . . . . . . . . 1 2 . . 2 2 1 Unauthorized Hacks 23 | . 1 . . . 1 . . . 4 4 2 2 . . 9 Terminals 23 | . 1 . . . 1 . . . 4 4 2 2 . . 9 Assimilate 5 | . . . . . . . . . . . . . . . 5 Botnet 17 | . 1 . . . 1 . . . 3 4 2 2 . . 4 Operators 1 | . . . . . . . . . 1 . . . . . . Fabricators . | . . . . . . . . . . . . . . . . Repair Stations . | . . . . . . . . . . . . . . . . Recycling Units . | . . . . . . . . . . . . . . . . Scanalyzers . | . . . . . . . . . . . . . . . . Garrison Access . | . . . . . . . . . . . . . . . . Data Cores Recovered 1 | . . . . . . . . . 1 . . . . . . Used . | . . . . . . . . . . . . . . . . Hacking Detections 43 | . 5 . . . 3 2 . . 4 8 4 2 3 4 8 Full Trace Events 4 | . 2 . . . . 1 . . 1 . . . . . . Feedback Events 1 | . 1 . . . . . . . . . . . . . . Corruption 1 | . 1 . . . . . . . . . . . . . . Feedback Blocked . | . . . . . . . . . . . . . . . . Robot Schematics Acquired . | . . . . . . . . . . . . . . . . Robots Built . | . . . . . . . . . . . . . . . . Authchips . | . . . . . . . . . . . . . . . . Time . | . . . . . . . . . . . . . . . . Total Robot Build Rating . | . . . . . . . . . . . . . . . . Part Schematics Acquired 7 | . . . . . . . . . . 6 . . 1 . . Parts Built . | . . . . . . . . . . . . . . . . Authchips . | . . . . . . . . . . . . . . . . Time . | . . . . . . . . . . . . . . . . Total Part Build Rating . | . . . . . . . . . . . . . . . . Part Studies Acquired 7 | . . . . . . . . . . 1 . . 4 . 2 Parts Repaired 9 | . . . . . . . . . . . . . 9 . . Time 510 | . . . . . . . . . . . . . 510 . . Parts Recycled 1 | . . . . . . . . . . . . . . 1 . Recycled Matter 5 | . . . . . . . . . . . . . . 5 . Retrieved Matter . | . . . . . . . . . . . . . . . . Retrieved Components 5 | . . . . . 4 . . . . . . . . 1 . Parts Scanalyzed 7 | . . . . . . . . . . 6 . . 1 . . Part Schematics Acquired 7 | . . . . . . . . . . 6 . . 1 . . Parts Damaged 2 | . . . . . . . . . . 2 . . . . . Bothacking | -11 -10 -10 -10 -9 -8 -7 -7 -7 -6 -5 -4 -4 -3 -2 -1 ------------ Run | Yrd Mat Min Exi Min Mat Fac DSF Gar Fac Fac Fac Ext Res Res Acc Used RIF Installer 1 | . . . . . . . . 1 . . . . . . . Robots Hacked 2 | . . . . . . . . . . 1 . . . . 1 Non-combat 2 | . . . . . . . . . . 1 . . . . 1 Combat . | . . . . . . . . . . . . . . . . Robot Hacks Applied 4 | . . . . . . . . . . 3 . . . . 1 parse_system 2 | . . . . . . . . . . 1 . . . . 1 no_distress 1 | . . . . . . . . . . 1 . . . . . find_chute 1 | . . . . . . . . . . 1 . . . . . Relay Couplers Released 7 | . . . . . . . . 7 . . . . . . . Machine Destruction 7 | . . . . . . . . 7 . . . . . . . Fabnet Peak Effective % . | . . . . . . . . . . . . . . . . Robots Rewired 15 | . . . . . . . . 4 . . . 11 . . . Allies Hacked . | . . . . . . . . . . . . . . . . Hacks Repelled . | . . . . . . . . . . . . . . . . Allies | -11 -10 -10 -10 -9 -8 -7 -7 -7 -6 -5 -4 -4 -3 -2 -1 -------- Run | Yrd Mat Min Exi Min Mat Fac DSF Gar Fac Fac Fac Ext Res Res Acc Total Allies 20 | . . . . . . . . 4 . . . 12 . . 4 Largest Group 9 | . . . . . . . . 3 . . . 9 . . 2 Highest-Rated Group 332 | . . . . . . . . 72 . . . 332 . . 90 Highest-Rated Ally 46 | . . . . . . . . 24 . . . 46 . . 45 Total Orders . | . . . . . . . . . . . . . . . . Ally Attacks 111 | . . . . . . . . 26 . . . 85 . . . Total Damage 2967 | . . . . . . . . 658 . . . 2309 . . . Kills 11 | . . . . . . . . 3 . . . 8 . . . Allies Corrupted 2 | . . . . . . . . . . . . . . . 2 Allies Melted 1 | . . . . . . . . 1 . . . . . . . Intel | -11 -10 -10 -10 -9 -8 -7 -7 -7 -6 -5 -4 -4 -3 -2 -1 ------- Run | Yrd Mat Min Exi Min Mat Fac DSF Gar Fac Fac Fac Ext Res Res Acc Active Infowar (turns) 3425 | 5 80 68 92 82 92 . . 159 254 636 96 593 821 200 247 Seismic 564 | 5 80 68 92 82 92 . . . 145 . . . . . . Machine Analysis 3006 | . . . . . . . . 159 254 636 96 593 821 200 247 Jamming 45 | . . . . . . . . . . . . . . . 45 ECM 1 | . . . . . . . . . . . 1 . . . . Robot Analysis Total 1 | . 1 . . . . . . . . . . . . . . Derelict Logs Recovered 2 | . . 1 . 1 . . . . . . . . . . . Drone Launches . | . . . . . . . . . . . . . . . . Drone Recoveries . | . . . . . . . . . . . . . . . . Exploration | -11 -10 -10 -10 -9 -8 -7 -7 -7 -6 -5 -4 -4 -3 -2 -1 ------------- Run | Yrd Mat Min Exi Min Mat Fac DSF Gar Fac Fac Fac Ext Res Res Acc Turns Passed 4111 | 246 153 71 92 82 358 26 77 159 254 636 96 593 821 200 247 Spaces Moved 7266 | 139 237 150 229 117 347 81 142 315 715 1465 389 533 935 615 857 Core 508 | 139 145 . . 20 197 . . 3 . . . 4 . . . Treads . | . . . . . . . . . . . . . . . . Legs . | . . . . . . . . . . . . . . . . Wheels . | . . . . . . . . . . . . . . . . Hover . | . . . . . . . . . . . . . . . . Flight 6758 | . 92 150 229 97 150 81 142 312 715 1465 389 529 935 615 857 Fastest Speed 6 | 50 40 40 40 37 29 32 27 27 25 23 11 11 6 6 6 Average Speed 26 | 50 46 40 40 60 50 32 44 30 25 23 19 23 16 20 17 Slowest Speed 500 | 50 100 40 40 150 150 32 105 150 25 27 20 500 23 99 21 Overloaded Moves 132 | . . . . . . . . . . . 12 15 62 18 25 Propulsion Burnouts . | . . . . . . . . . . . . . . . . Robots Hopped 121 | . 1 3 . 1 2 . 3 1 8 35 3 7 26 13 18 Potential Cave-ins . | . . . . . . . . . . . . . . . . Cave-ins Triggered . | . . . . . . . . . . . . . . . . Exploration Rate (%) 32 | 5 41 33 61 35 36 3 92 33 20 37 8 51 27 20 25 Regions Visited 15 Branch Regions 4 Pre-discovered Areas 1 | . . . 1 . . . . . . . . . . . . Known Exits Taken 11 | . . 1 1 1 1 1 . . 1 1 1 1 1 1 . Unknown Exits Taken 2 | 1 1 . . . . . . . . . . . . . . Scrap Searched 1 | . . . . 1 . . . . . . . . . . . Spaces Dug 29 | . . . . . . . . 1 2 6 . . 7 8 5 Terrain Destroyed 122 | . . . . 11 77 . . 1 2 6 . 5 7 8 5 Melee 29 | . . . . . . . . 1 2 6 . . 7 8 5 Projectile 6 | . . . . . 1 . . . . . . 5 . . . AOE 87 | . . . . 11 76 . . . . . . . . . . Terrain Rammed . | . . . . . . . . . . . . . . . . Walls Destroyed . | . . . . . . . . . . . . . . . . Machines Disabled . | . . . . . . . . . . . . . . . . Actions | -11 -10 -10 -10 -9 -8 -7 -7 -7 -6 -5 -4 -4 -3 -2 -1 --------- Run | Yrd Mat Min Exi Min Mat Fac DSF Gar Fac Fac Fac Ext Res Res Acc Total 8989 | 264 254 158 228 125 437 80 152 369 753 1698 401 947 1550 661 912 Wait 1351 | 76 1 5 . 3 4 . . 31 8 207 4 337 589 39 47 Move 7021 | 138 234 143 228 114 342 80 135 311 698 1397 382 521 885 592 821 Hop 108 | . 1 3 . 1 2 . 3 1 8 32 3 4 23 10 17 Pick Up 48 | 9 2 2 . . 6 . 7 . 3 8 2 . 4 3 2 Fast Attach 56 | 1 1 1 . 3 6 . 3 1 3 9 1 2 18 3 4 Attach 32 | 3 1 1 . 1 6 . 1 1 2 3 3 1 3 3 3 Detach 20 | 2 1 1 . 1 4 . . . 1 5 1 1 1 1 1 Swap 11 | . . . . . 2 . . . . 5 1 1 1 1 . Drop 40 | 5 . 2 . 1 7 . 3 . 1 12 2 2 2 1 2 Fire 139 | 30 13 . . 1 58 . . . . . . 36 . . 1 Melee 87 | . . . . . . . . 4 18 20 2 8 13 8 14 Ram . | . . . . . . . . . . . . . . . . Kick . | . . . . . . . . . . . . . . . . Crush . | . . . . . . . . . . . . . . . . Escape Stasis 22 | . . . . . . . . . 11 . . . 11 . . Rewire 54 | . . . . . . . . 20 . . . 34 . . . Trap . | . . . . . . . . . . . . . . . . Miscellaneous . | . . . . . . . . . . . . . . . . Route ------- -11/Scrapyard -10/Materials -10/Mines (discovered 2 exits: *Exi / Sub) -10/Exiles (discovered 2 exits: *Min x2) -9/Mines -8/Materials -7/Factory -7/DSF -7/Garrison -6/Factory (discovered 5 exits: *Fac x4 / *Low) -5/Factory (discovered 5 exits: *Fac x4 / *Upp) -4/Factory -4/Extension -3/Research (discovered 3 exits: *Res x3) -2/Research (discovered 3 exits: *Acc x3) -1/Access (discovered 2 exits: *Sur / Com) To Epsilon Eridani History --------- Turn | Location | Event 10 | -11/Scrapyard | Discovered new exit (range 15) 247 | -11/Scrapyard | Entered Materials 259 | -10/Materials | Central database locked down 303 | -10/Materials | Build established: Mutant 368 | -10/Materials | Discovered new exit (range 8) 400 | -10/Materials | Entered Mines 411 | -10/Mines | Deemed a non-threat by the Exiles lab entrance 411 | -10/Mines | Discovered new exit (range 5) 412 | -10/Mines | Identified exit to Exiles 425 | -10/Mines | Identified exit to Subcaves 435 | -10/Mines | Received a Rocket Launcher from a helpful Derelict 471 | -10/Mines | Entered Exiles 477 | -10/Exiles | Discovered new exit (range 15) 482 | -10/Exiles | Met 8R-AWN 488 | -10/Exiles | Met EX-HEX 502 | -10/Exiles | Met EX-BIN 507 | -10/Exiles | Aligned with FarCom system 507 | -10/Exiles | Given EX-Vault access code 516 | -10/Exiles | Opened EX-Vault 527 | -10/Exiles | Warned to stay clear of 0b10 Research branches 541 | -10/Exiles | Met EX-DEC 544 | -10/Exiles | Learned location of Zion (-7) 560 | -10/Exiles | Discovered new exit (range 10) 562 | -10/Exiles | Identified exit to Mines 563 | -10/Exiles | Entered Mines 640 | -9/Mines | Discovered new exit (range 12) 642 | -9/Mines | Learned Materials emergency access door positions 645 | -9/Mines | Identified exit to Materials 645 | -9/Mines | Entered Materials 645 | -8/Materials | Evolved 4 slots: Propulsion x2, Utility x2 774 | -8/Materials | Lost 5 parts (3n1u1w) 1000 | -8/Materials | Discovered new exit (range 12) 1003 | -8/Materials | Identified exit to Factory 1003 | -8/Materials | Entered Factory 1003 | -7/Factory | Evolved 2 slots: Utility x2 1029 | -7/Factory | Identified exit to DSF 1029 | -7/Factory | Entered DSF 1065 | -7/DSF | Additional patrols routed to DSF 1103 | -7/DSF | Discovered new exit (range 11) 1106 | -7/DSF | Identified exit to Garrison 1106 | -7/DSF | Entered Garrison 1125 | -7/Garrison | Installed Relay Interface Framework 1146 | -7/Garrison | Triggered checkpoint 1175 | -7/Garrison | Garrison Relay disabled 1176 | -7/Garrison | Triggered checkpoint 1239 | -7/Garrison | Garrison Relay disabled 1254 | -7/Garrison | Triggered checkpoint 1263 | -7/Garrison | Discovered new exit (range 10) 1265 | -7/Garrison | Identified exit to Factory 1265 | -7/Garrison | Entered Factory 1265 | -6/Factory | Evolved 2 slots: Propulsion x1, Utility x1 1439 | -6/Factory | Discovered new exit (range 12) 1442 | -6/Factory | Identified exit to Lower Caves 1454 | -6/Factory | Identified exit to Factory 1490 | -6/Factory | Build established: Sprinter 1519 | -6/Factory | Entered another Factory area 1519 | -5/Factory | Evolved 2 slots: Utility x2 1549 | -5/Factory | Central database locked down 1595 | -5/Factory | Discovered new exit (range 12) 1641 | -5/Factory | Identified exit to Upper Caves 1847 | -5/Factory | Identified exit to Factory 1854 | -5/Factory | Build established: Hacker-Sprinter 2155 | -5/Factory | Entered another Factory area 2155 | -4/Factory | Evolved 2 slots: Power x1, Propulsion x1 2187 | -4/Factory | Found Prototype Device 2187 | -4/Factory | Identified Exp. ECM Suite 2241 | -4/Factory | Discovered new exit (range 6) 2242 | -4/Factory | Identified exit to Extension 2249 | -4/Factory | Assembled infested ambush trap array 2251 | -4/Factory | Entered Extension 2282 | -4/Extension | Rescued a captive Derelict 2284 | -4/Extension | Rescued a captive Derelict 2286 | -4/Extension | Rescued a captive Derelict 2806 | -4/Extension | Spotted B-86 Titan 2827 | -4/Extension | Spotted B-86 Titan 2832 | -4/Extension | Allies destroyed B-86 Titan 2844 | -4/Extension | Discovered new exit (range 3) 2844 | -4/Extension | Identified exit to Research 2844 | -4/Extension | Entered Research 2844 | -3/Research | Evolved 2 slots: Propulsion x1, Utility x1 2871 | -3/Research | Lost 7 allies 2923 | -3/Research | Repaired Imp. VTOL Module 2962 | -3/Research | Repaired Katana+ 3044 | -3/Research | Repaired Cld. Cesium-ion Thruster 3125 | -3/Research | Repaired Cld. Cesium-ion Thruster 3177 | -3/Research | Repaired Adv. Heat Sink 3238 | -3/Research | Repaired Imp. VTOL Module 3300 | -3/Research | Repaired Imp. VTOL Module 3327 | -3/Research | Repaired Sml. Storage Unit 3387 | -3/Research | Repaired Mic. Fission Core 3403 | -3/Research | Found Prototype Device 3403 | -3/Research | Identified Exp. Thermal Shield 3471 | -3/Research | Identified exit to Research 3516 | -3/Research | Found Prototype Hackware 3594 | -3/Research | Search patrols dispatched 3665 | -3/Research | Entered another Research area 3665 | -2/Research | Evolved 2 slots: Propulsion x1, Utility x1 3671 | -2/Research | Identified exit to Access 3719 | -2/Research | Identified Exp. Hacking Suite 3865 | -2/Research | Entered Access 3865 | -1/Access | Evolved 2 slots: Utility x2 3876 | -1/Access | Identified exit to Surface 3876 | -1/Access | Identified exit to Command 4112 | *** | Escaped! Last Messages --------------- >>Trojan(Botnet) Trojan loaded successfully. Testing... Terminal linked with 3 systems. Awaiting botnet instructions. 04051_ O-32 Director: "IFF HANDSHAKE FAILED. SECURING TERMINAL." 04054_ >> Machine Analyzer network decryption results: 04054_ Scanalyzer x1 04066_ ALERT: Potential suspicious activity detected, Programmers report to Access Zone 3S. 04085_ Slug penetrates Wall. 04110_ W-44 Eye distress signal jammed. 04112_ Connecting with Terminal... >>Open(Door) Sealed Barrier opened. 04112_ The Access Shell folds into the floor. [Achievement: True Flier] Map ----- +----------------------------------------------------+ | ?????????????????????????????????????????????????? | | ?????????????????????????????????????????????????? | | ?????????????????????????????????????????????????? | | ?????????????????????????????????????????????????? | | ?????????????????????????????????????????????????? | | ?????????????????????????????????????????????????? | | ?????????????????????????????????????????????##### | | ?????????????????????????????????????????????# | | ?????????????????????????????????????????????# | | ?????????????????????????????????????????????+ | | ?????????????????????????????????????????????# | | ?????????????????????????????????????????????# | | ?????????????????????????????????????????????# | | ?????????????????????????????????????????????# | | ?????????????????????BB????BB????????????????# | | ?????????????????????BB????BB???##########+#?# | | ????????????????????????????????# # #?# | | ????????????????????????????????# # #?# # | | ????????????????????????????????# # ### # | | ????????????????????????????????# =!! + # | | ???????????????????#""""""""""#?# =!! # ##### # | | ???????????????????# #?# =! # #???# # | | ???????????????????# #?# # #???# # | | ???????????????????# #?########## #???# # | | ???????????????????# "" #??????#####+#####+# | | ???????????????????# "@ #??????# | | ???????????????????# #??????# ! | | ???????????????????# #??????# "" | | ???????????????????# #??????# "" | | ??????????????????## ##?????# """""" | | ??????????????????# #?????# """""" ! | | ??????????????????##"" ##?????# "" | | ???????????????????#"" #??????# "" | | ???????????????????#"" #??????# | | ???????????????????#T #??????# | | ???????????????????#"" #??????# """ """ | | ???????????????????#"" #??????# """S""" | | ???????????????????#"" p ###################+ | | ?????????????? p | | ?????????????? w | | ?????????????#+############################"#####+ | | ??????????????????????????????????????????#" | | ??????????????????????????????????????????## | | ???????????????????????????????????????????# | | ???????????????????????????????????????????# | | ???????????????????????????????????????????# "" | | ???????????????????????????????????????????# "" | | ???????????????????????????????????????????# | | ???????????????????????????????????????????# | | ???????????????????????????????????????????# | +----------------------------------------------------+ Best States ------------- Heat Dissipation 74 Energy Generation 33 Energy Capacity 240 Matter Stores 300 Matter Capacity 300 Sight Range 16 Terrain Scan Density 10 Jamming Range 14 Power Amplification 30 Armor Coverage 300 Propulsion Shielding 66 Evasion (%) 66 Melee Accuracy 6 Offensive Hacking 38 Defensive Hacking 28 Item Schematics ----------------- Imp. Light Armor Plating | -5/Factory | Scanalyzed Nuclear Pulse Array | -5/Factory | Scanalyzed Nuclear Pulse Thruster | -5/Factory | Scanalyzed Mic. Nuclear Core | -5/Factory | Scanalyzed Cld. Cesium-ion Thruster | -5/Factory | Scanalyzed Enh. Optical Array | -5/Factory | Scanalyzed Imp. Propulsion Shielding | -3/Research | Scanalyzed Robot Schematics ------------------ None Fabricated ------------ Nothing Repaired ---------- Imp. VTOL Module | 6% | -3/Research Katana | 2% | -3/Research Cld. Cesium-ion Thruster | 35% | -3/Research Cld. Cesium-ion Thruster | 37% | -3/Research Adv. Heat Sink | 12% | -3/Research Imp. VTOL Module | 44% | -3/Research Imp. VTOL Module | 48% | -3/Research Sml. Storage Unit | 40% | -3/Research Mic. Fission Core | 55% | -3/Research Studied --------- Katana | -5/Factory | Hacked Mic. Fission Core | -3/Research | Hacked Nuclear Pulse Array | -3/Research | Hacked Mic. Nuclear Core | -3/Research | Hacked KE Penetrator | -3/Research | Hacked Impulse Thruster Array | -1/Access | Hacked Adv. Remote Datajack | -1/Access | Hacked Alien Tech Used ----------------- None Achievements -------------- Speed Demon True Flier Whoosh! Challenges ------------ None Game ------ Seed ElectronNetworkedGenerator Manual? 0 Play Time 01:28:27 Cumulative 46.8 hours Start 2026.01.01 @ 23:53:01 End 2026.01.02 @ 01:16:35 Sessions 1 Manual Loads 0 Difficulty Rogue Special Mode None Game No. 42 Rogue 42 Adventurer 0 Explorer 0 Win Type 0 Total 6 Types 6/0/0/0/0/0/0/0/0/0 Lore% 36 Gallery% 36 Achievement% 35 Wizard Run 0 Options --------- Layout 1 ASCII 0 Keyboard 1 Movement Numpad Keybinds 0 Fullscreen 2 Font 24/Terminus Map View 50x35 Zoom Use 0% Tactical HUD 1 Map Filters NONE Filters NONE Steam 1 RUN: a4eb702c-7338-4dc3-b517-5b8e6af2f071